Construct Infanterie Kompanie
Selects Luftwaffe Battlegroup
Selects Luftwaffe Pioneer Support
Fallschirmpioneer Squad Paradrop
Fallschirmpioneer Squad Paradrop
Fallschirmpioneer Squad Paradrop
Selects Flak 38 Anti-Air Emplacement
Construct Panzergrenadier Kompanie
Selects Flak 36 Anti-tank Gun Emplacement
Fallschirmpioneer Squad Paradrop
Pak 40 Anti-tank Gun Team
Fallschirmpioneer Squad Paradrop
Selects Stuka Strafing Run
Fallschirmpioneer Squad Paradrop
Fallschirmpioneer Squad Paradrop
Selects Fallschirmjäger Squad Paradrop
Fallschirmpioneer Squad Paradrop
Fallschirmpioneer Squad Paradrop
Construct Panzer Kompanie
Fallschirmpioneer Squad Paradrop